 Dungeon Crawl Stone Soup version 0.29.0-4-gdea44cf6ec (webtiles) character file.

Game seed: 8183513880097493925

96 qw the Chopper (level 4, 0/26 HPs)
             Began as a Tengu Warper on Aug 28, 2022.
             Succumbed to a kobold's poison
             ... on level 2 of the Dungeon.
             The game lasted 00:00:16 (2775 turns).

qw the Chopper (Tengu Warper)                       Turns: 2775, Time: 00:00:16

Health: 0/26       AC:  9    Str: 13    XL:     4   Next: 67%
Magic:  8/8        EV:  6    Int: 14    God:
Gold:   4          SH:  0    Dex: 13    Spells: 7/7 levels left

rFire   . . .      SeeInvis .   b - +0 war axe
rCold   . . .      Faith    .   (no shield)
rNeg    . . .      Spirit   .   l - +0 chain mail
rPois   .          Reflect  .   (helmet restricted)
rElec   .          Harm     .   (no cloak)
rCorr   .          Rampage  .   f - +0 pair of gloves
Will    .....                   (boots unavailable)
Stlth   ..........              (no amulet)
HPRegen 0.08/turn               (no ring)
MPRegen 0.11/turn               (no ring)

@: lethally poisoned (0 -> -7)
A: beak, talons 3
a: no special abilities


You were on level 2 of the Dungeon.
You visited 1 branch of the dungeon, and saw 3 of its levels.

You collected 119 gold pieces.
You spent 115 gold pieces at shops.


Innate Abilities, Weirdness & Mutations

You have a beak for a mouth.
You have claws for feet.


   Skills:
 - Level 2.0 Fighting
 - Level 5.0 Axes
 - Level 1.0 Throwing
 + Level 1.5 Armour
 - Level 2.1 Dodging
 - Level 2.0 Spellcasting
 - Level 2.4 Translocations


You had 7 spell levels left.
You didn't know any spells.
Your spell library contained the following spells:

 Spells                   Type           Power      Damage    Failure   Level
 Blink                    Tloc           16%        N/A       99%         2
 Gell's Gravitas          Tloc           8%         N/A       100%        3
 Lesser Beckoning         Tloc           8%         N/A       100%        3
 Teleport Other           Tloc           8%         N/A       100%        3
 Manifold Assault         Tloc           8%         N/A       100%        5

Inventory:

Hand Weapons
 b - a +0 war axe (weapon)
 d - a +0 mace
Armour
 f - a +0 pair of gloves (worn)
 l - a +0 chain mail (worn)
Scrolls
 e - a scroll of teleportation
Potions
 a - a potion of attraction {unknown}
 c - a potion of cancellation
 g - a potion of lignification {unknown}
 h - a potion of brilliance {unknown}
 i - 2 potions of might
 k - a potion of curing {unknown}

Dungeon Overview and Level Annotations

Branches:
Dungeon (3/15)

Altars:

Shops:
D:3 *


Message History

Things that are here:
a +0 dagger; a +0 robe
There is a stone staircase leading up here.
2613 ||| STAIRDANCE You climb upwards.
There is a stone staircase leading down here.
You start resting.
HP restored.
Done exploring.
(D) Dungeon
Where to? (* - list waypoints, Enter - D:3, ? - help)
What level of the Dungeon? (default 1, ? - help)
You climb downwards.
There is a stone staircase leading up here.
There is an escape hatch in the ceiling here.
A kobold is nearby!
The kobold throws a poisoned dart.
The poisoned dart hits you!
You are poisoned.
You feel very sick.
The kobold throws a poisoned dart.
The poisoned dart hits you!
You are more poisoned.
2768 ||| FLEEEEING.
You feel very sick.
You feel very sick.
There is a stone staircase leading up here.
2770 ||| STAIRDANCE You feel very sick.
The kobold throws a poisoned dart.
The poisoned dart hits you!
You are lethally poisoned!
You climb upwards.
You feel very sick.
There is a stone staircase leading down here.
There is a lethal amount of poison in your body!
You feel very sick.
There is a lethal amount of poison in your body!
You feel very sick.
There is a lethal amount of poison in your body!
You feel sick.
There is a lethal amount of poison in your body!
You die...

#........# #........#
########....#
######...#.......#
#....+...'....)..#
#....#...#.......#
#........#######.#
#[.......#######.####
#...@................
####.................
#.##...####....###
#.##...######....#
#..+...'....#.##..
####..)####.#.###.
#...####.#.# ##
#.....##.#.#
#.....##.#.####


There were no monsters in sight!

Vanquished Creatures
  An orc wizard (D:3)
  An adder (D:2)
  2 worms (D:2)
  A dart slug (D:1)
  3 orcs (D:3)
  5 ball pythons
  3 bats
  8 endoplasms
  A giant cockroach (D:1)
  2 goblins (D:1)
  3 hobgoblins
  2 jackals (D:1)
  5 quokkas
  5 frilled lizards
  2 kobolds
  4 rats
48 creatures vanquished.

Notes
Turn   | Place    | Note
-------+----------+-------------------------------------------
     0 | D:1      | qw the Tengu Warper began the quest for the Orb.
     0 | D:1      | Reached XP level 1. HP: 12/12 MP: 4/4
     0 | D:1      | 0 ||| qw: Version: 0.1-a-89-g26bdef1
     0 | D:1      | 0 ||| qw: Game counter: 1568
     0 | D:1      | 0 ||| qw: Always use a shield: true
     0 | D:1      | 0 ||| qw: God list: Okawaru
     0 | D:1      | 0 ||| qw: Allow faded altars: false
     0 | D:1      | 0 ||| qw: Do Orc after D:15 true
     0 | D:1      | 0 ||| qw: Do second Lair branch before Depths: true
     0 | D:1      | 0 ||| qw: Lair rune preference: random
     0 | D:1      | 0 ||| qw: Plans: Normal
     0 | D:1      | 0 ||| PLANNING D:1-11
    76 | D:1      | Reached skill level 3 in Axes
    76 | D:1      | Reached XP level 2. HP: 17/17 MP: 6/6
   397 | D:1      | Reached XP level 3. HP: 19/21 MP: 7/7
   874 | D:1      | Reached skill level 4 in Axes
  1007 | D:1      | Found a faded altar of an unknown god.
  1248 | D:1      | 1248 ||| UPGRADING to +0 pair of gloves.
  1253 | D:1      | 1253 ||| UPGRADING to +0 chain mail.
  1263 | D:1      | 1263 ||| DROPPING +0 leather armour.
  1264 | D:1      | 1264 ||| READING scroll labelled TITETT TIET.
  1265 | D:1      | 1265 ||| READING scroll labelled NUZUGU XYDAMME.
  1266 | D:1      | 1266 ||| READING scroll labelled PEROTA DORE.
  1267 | D:1      | 1267 ||| READING scroll labelled ODEUKK MIKK.
  1271 | D:1      | 1271 ||| DROPPING scroll of blinking.
  1373 | D:2      | 1373 ||| Stepping ~*~*~tactically~*~*~ (stealth).
  1982 | D:2      | Reached XP level 4. HP: 25/26 MP: 8/8
  2018 | D:2      | 2018 ||| Stepping ~*~*~tactically~*~*~ (stealth).
  2019 | D:2      | 2019 ||| Stepping ~*~*~tactically~*~*~ (stealth).
  2070 | D:2      | 2070 ||| READING scroll labelled IFITYIMONEE.
  2071 | D:2      | 2071 ||| READING scroll labelled XAROKHL QUSKEIXZO.
  2072 | D:2      | 2072 ||| DRINKING 2 fizzy ruby potions.
  2082 | D:3      | Found Neur's General Store.
  2085 | D:3      | 2085 ||| BUYING +0 war axe (35 gold).
  2085 | D:3      | Bought a +0 war axe for 35 gold pieces
  2085 | D:3      | 2085 ||| BUYING potion of cancellation (80 gold).
  2085 | D:3      | Bought a potion of cancellation for 80 gold pieces
  2085 | D:3      | 2085 ||| SHOPLISTING potion of curing (30 gold, have 4).
  2085 | D:3      | 2085 ||| SHOPLISTING scroll of enchant weapon (75 gold,
                  | have 4).
  2085 | D:3      | 2085 ||| SWAPPING to +0 war axe.
  2086 | D:3      | 2086 ||| DROPPING +0 vorpal hand axe.
  2094 | D:3      | Reached skill level 5 in Axes
  2118 | D:3      | 2118 ||| Stepping ~*~*~tactically~*~*~ (stealth).
  2122 | D:3      | 2122 ||| Stepping ~*~*~tactically~*~*~ (stealth).
  2128 | D:3      | 2128 ||| Stepping ~*~*~tactically~*~*~ (stealth).
  2534 | D:3      | 2534 ||| FLEEEEING.
  2535 | D:3      | 2535 ||| FLEEEEING.
  2536 | D:3      | 2536 ||| FLEEEEING.
  2537 | D:3      | 2537 ||| FLEEEEING.
  2538 | D:3      | 2538 ||| FLEEEEING.
  2539 | D:3      | 2539 ||| FLEEEEING.
  2541 | D:3      | 2541 ||| FLEEEEING.
  2547 | D:3      | 2547 ||| FLEEEEING.
  2548 | D:3      | 2548 ||| FLEEEEING.
  2550 | D:3      | 2550 ||| FLEEEEING.
  2552 | D:3      | 2552 ||| FLEEEEING.
  2556 | D:3      | 2556 ||| FLEEEEING.
  2557 | D:3      | 2557 ||| FLEEEEING.
  2558 | D:3      | 2558 ||| FLEEEEING.
  2559 | D:3      | 2559 ||| FLEEEEING.
  2560 | D:3      | 2560 ||| FLEEEEING.
  2561 | D:3      | 2561 ||| FLEEEEING.
  2562 | D:3      | 2562 ||| FLEEEEING.
  2563 | D:3      | 2563 ||| FLEEEEING.
  2564 | D:3      | 2564 ||| FLEEEEING.
  2565 | D:3      | 2565 ||| FLEEEEING.
  2566 | D:3      | 2566 ||| FLEEEEING.
  2567 | D:3      | 2567 ||| FLEEEEING.
  2568 | D:3      | 2568 ||| FLEEEEING.
  2569 | D:3      | 2569 ||| FLEEEEING.
  2570 | D:3      | 2570 ||| FLEEEEING.
  2571 | D:3      | 2571 ||| FLEEEEING.
  2572 | D:3      | 2572 ||| FLEEEEING.
  2573 | D:3      | 2573 ||| FLEEEEING.
  2574 | D:3      | 2574 ||| FLEEEEING.
  2575 | D:3      | 2575 ||| FLEEEEING.
  2576 | D:3      | 2576 ||| FLEEEEING.
  2577 | D:3      | 2577 ||| FLEEEEING.
  2578 | D:3      | 2578 ||| FLEEEEING.
  2579 | D:3      | 2579 ||| FLEEEEING.
  2589 | D:3      | 2589 ||| FLEEEEING.
  2590 | D:3      | 2590 ||| FLEEEEING.
  2591 | D:3      | 2591 ||| FLEEEEING.
  2592 | D:3      | 2592 ||| FLEEEEING.
  2601 | D:3      | 2601 ||| FLEEEEING.
  2602 | D:3      | 2602 ||| FLEEEEING.
  2603 | D:3      | 2603 ||| FLEEEEING.
  2604 | D:3      | 2604 ||| FLEEEEING.
  2605 | D:3      | 2605 ||| FLEEEEING.
  2613 | D:3      | 2613 ||| STAIRDANCE
  2768 | D:3      | 2768 ||| FLEEEEING.
  2770 | D:3      | 2770 ||| STAIRDANCE
  2772 | D:2      | HP: 6/26 [poisoned by a kobold]
  2774 | D:2      | HP: 1/26 [poisoned by a kobold]
  2775 | D:2      | Succumbed to a kobold's poison

Levels and vault maps discovered:
D:1:      dpeg_arrival_water_temple_mockup, layout_basic, basic_ecumenical_altar
D:2:      layout_basic
D:3:      layout_basic, serial_shops, nicolae_lakefront_shop,
          nicolae_shop_statue_plus, nicolae_shop_behind_doors, shop

Skill      XL: |  1  2  3  4 |
---------------+-------------+-----
Axes           | 3 4 5 |  5.0
Fighting       | |  2.0
Throwing       | |  1.0
Armour         | |  1.5
Dodging        | |  2.1
Spellcasting   | |  2.0
Translocations | |  2.4

Action                   |  1- 3 |  4- 6 || total
-------------------------+-------+-------++-------
Melee: Hand axe          |    83 |     6 ||    89
       Kick              |    19 |     7 ||    26
       Peck              |    12 |     4 ||    16
       War axe           |       |    21 ||    21
Throw: Boomerang         |     7 |       ||     7
  Use: Scroll            |     4 |     2 ||     6
       Potion            |       |     1 ||     1
Armor: Leather armour    |    10 |       ||    10
       Chain mail        |     5 |    16 ||    21
Dodge: Dodged            |    29 |    11 ||    40

Table legend:
 A = Non-vault XP
 B = Vault XP
 C = Vault XP percentage of total XP
 D = Non-vault monster count
 E = Vault monster count
 F = Vault count percentage of total count
                 A         B        C        D         E       F
            +---------+---------+-------+---------+---------+-------
      Total |     138 |       0 |   0.0 |      48 |       0 |   0.0
            +---------+---------+-------+---------+---------+-------
        D:1 |      50 |       0 |   0.0 |      28 |       0 |   0.0
        D:2 |      38 |       0 |   0.0 |      13 |       0 |   0.0
        D:3 |      50 |       0 |   0.0 |       7 |       0 |   0.0
            +---------+---------+-------+---------+---------+-------
